 Dungeon Crawl Stone Soup version 0.22-a0-305-gd21a89c (webtiles) character file.

291 Amnesiac the Charlatan (level 6, -2/47 HPs)
             Began as a Mummy Fighter on Mar 31, 2018.
             Slain by a killer bee (6 damage)
             ... on level 4 of the Dungeon.
             The game lasted 00:02:51 (902 turns).

Amnesiac the Charlatan (Mummy Fighter)               Turns: 902, Time: 00:02:51

Health: -2/47      AC:  6    Str: 21    XL:     6   Next: 10%
Magic:  16/18      EV:  8    Int:  7    God:
Gold:   83         SH:  9    Dex: 12    Spells: 5/5 levels left

rFire    . . .     SeeInvis .   b - +0 blowgun
rCold    + . .     Gourm    .   c - +0 shield
rNeg     + + +     Faith    .   h - +0 scale mail
rPois    ∞         Spirit   .   (no helmet)
rElec    .         Reflect  .   (no cloak)
rCorr    .         Harm     .   (no gloves)
MR       .....                  (no boots)
Stlth    ..........             (no amulet)
HPRegen  0.15/turn              d - ring of protection from fire
MPRegen  0.16/turn              g - ring of magical power

@: no status effects
A: no food or potions, fire vulnerability, cold resistance 1, negative energy
resistance 3, torment resistance, unbreathing
a: no special abilities


You were on level 4 of the Dungeon.
You were not hungry.

You visited 1 branch of the dungeon, and saw 4 of its levels.

You collected 83 gold pieces.

Inventory:

Hand Weapons
 a - a +0 long sword
 b - a +0 blowgun (weapon)
 e - a +1 dagger of speed
Missiles
 i - a poisoned needle (quivered)
Armour
 c - a +0 shield (worn)
 h - a +0 scale mail (worn)
Jewellery
 d - a ring of protection from fire (left hand)
 g - a ring of magical power (right hand)
Wands
 j - a wand of enslavement (1)
Scrolls
 k - a scroll of enchant weapon {!r, unknown}


   Skills:
 - Level 3.0 Fighting
 - Level 1.5 Long Blades
 - Level 2.4 Armour
 - Level 2.6 Dodging
 - Level 2.4 Shields
 * Level 4.0 Evocations


You had 5 spell levels left.
You didn't know any spells.

Dungeon Overview and Level Annotations

Branches:
Dungeon (4/15)
 Temple: D:4-7

Altars:
Ashenzari
Xom


Innate Abilities, Weirdness & Mutations

You do not eat or drink.
Your flesh is vulnerable to fire.
You are immune to poison.
Your flesh is cold resistant. (rC+)
You are immune to negative energy. (rN+++)
You are immune to unholy pain and torment.
You can survive without breathing.


Message History

The poisoned needle barely misses the ogre.
You block the ogre's attack.
No target in view!
No target in view!
Firing (i - inventory)
i - 8 poisoned needles (quivered)
Press: ? - help, Shift-Dir - straight line, f/p - ogre
Aim: an ogre, wielding a giant spiked club (moderately wounded, poisoned)
You shoot a poisoned needle. The poisoned needle hits the ogre.
The ogre looks as sick as possible!
The ogre is moderately wounded.
You block the ogre's attack.
Firing (i - inventory)
i - 7 poisoned needles (quivered)
Press: ? - help, Shift-Dir - straight line, f/p - ogre
Aim: an ogre, wielding a giant spiked club (heavily wounded, poisoned)
You shoot a poisoned needle.
The poisoned needle closely misses the ogre.
Firing (i - inventory)
i - 6 poisoned needles (quivered)
Press: ? - help, Shift-Dir - straight line, f/p - ogre
Aim: an ogre, wielding a giant spiked club (severely wounded, poisoned)
You shoot a poisoned needle. The poisoned needle hits the ogre.
The ogre looks as sick as possible!
The ogre is severely wounded.
The killer bee buzzes angrily.
The ogre hits you with a giant spiked club!!
* * * LOW HITPOINT WARNING * * *
You kill the ogre!
Your Evocations skill increases to level 4!
You have reached level 6!
Your experience leads to an increase in your attributes!
Increase (S)trength, (I)ntelligence, or (D)exterity?
You feel stronger.
Firing (i - inventory)
i - 5 poisoned needles (quivered)
Press: ? - help, Shift-Dir - straight line, f - killer bee
Aim: a killer bee You shoot a poisoned needle.
The poisoned needle barely misses the killer bee.
The killer bee barely misses you.
Firing (i - inventory)
i - 4 poisoned needles (quivered)
Press: ? - help, Shift-Dir - straight line, f/p - killer bee
Aim: a killer bee You shoot a poisoned needle.
The poisoned needle closely misses the killer bee.
You block the killer bee's attack.
The killer bee stings you but does no damage.
The killer bee stings you.
* * * LOW HITPOINT WARNING * * *
You are too injured to fight recklessly!
You are too injured to fight recklessly!
Firing (i - inventory)
i - 3 poisoned needles (quivered)
Press: ? - help, Shift-Dir - straight line, f/p - killer bee
Aim: a killer bee You shoot a poisoned needle.
The poisoned needle barely misses the killer bee.
The killer bee stings you.
* * * LOW HITPOINT WARNING * * *
The killer bee stings you.
* * * LOW HITPOINT WARNING * * *
Firing (i - inventory)
i - 2 poisoned needles (quivered)
Press: ? - help, Shift-Dir - straight line, f/p - killer bee
Aim: a killer bee You shoot a poisoned needle.
The poisoned needle misses the killer bee.
The killer bee closely misses you. The killer bee stings you.
You die...

.###.#.....#.†###.............
#......))÷...†................
..#....#..####................
#.....#...#####.............<
..#.#...##...####......(.......
.)...........(................
#......(...................
#...######.((........<<....
#....# #@.#.........[...#
#....## #y)##(..##..######
#.....# #...(......## #...#.#
#.....<.#..# #####.#
#..........## #.#
#.......##..## #.#
#.....>.###..#
##########.####(...(..# ##.#
#.....................# #.#


You could see a killer bee.

Vanquished Creatures
  An ogre (D:4)
  A hound (D:4)
  A hound skeleton (D:4)
  An adder (D:4)
  A dart slug (D:1)
  A giant cockroach (D:1)
  4 goblins
  2 hobgoblins
  A ball python (D:1)
  A frilled lizard (D:1)
  3 kobolds
  4 rats
21 creatures vanquished.

Vanquished Creatures (collateral kills)
  3 killer bees (D:4)
  2 orc wizards (D:4)
  An iguana (D:4)
  2 orcs (D:4)
8 creatures vanquished.

Vanquished Creatures (others)
  A scorpion (D:4)
  A killer bee (D:4)
  5 toadstools (D:1)
7 creatures vanquished.

Grand Total: 36 creatures vanquished

Notes
Turn   | Place    | Note
-------+----------+-------------------------------------------
     0 | D:1      | Amnesiac the Mummy Fighter began the quest for the Orb.
     0 | D:1      | Reached XP level 1. HP: 18/18 MP: 1/1
    48 | D:1      | Found a shattered altar of Ashenzari.
   117 | D:1      | Reached skill level 1 in Dodging
   172 | D:1      | Reached XP level 2. HP: 21/24 MP: 2/2
   497 | D:4      | Reached XP level 3. HP: 28/29 MP: 3/3
   505 | D:4      | Reached skill level 1 in Evocations
   508 | D:4      | Noticed a scorpion
   515 | D:4      | Reached XP level 4. HP: 20/35 MP: 5/5
   544 | D:4      | Killed a killer bee
   544 | D:4      | Reached skill level 2 in Evocations
   547 | D:4      | Reached XP level 5. HP: 8/41 MP: 7/7
   552 | D:4      | Reached skill level 3 in Evocations
   588 | D:4      | Found a shimmering altar of Xom.
   590 | D:4      | Found a shimmering altar of Xom.
   591 | D:4      | Found a shimmering altar of Xom.
   592 | D:4      | Found a shimmering altar of Xom.
   594 | D:4      | Found a shimmering altar of Xom.
   594 | D:4      | Found a shimmering altar of Xom.
   596 | D:4      | Found a shimmering altar of Xom.
   831 | D:4      | Noticed an ogre
   898 | D:4      | Killed an ogre
   898 | D:4      | Reached skill level 4 in Evocations
   898 | D:4      | Reached XP level 6. HP: 13/47 MP: 9/9
   902 | D:4      | Slain by a killer bee

Vault maps used:
D:1:      ldierk_walled_garden, st_stairs_11, evilmike_ruin_ashenzari
D:2:      grunt_gozag_statues, uniq_sigmund
D:3:      kennysheep_slug_shrine, first_ration, uniq_jessica
D:4:      old_forge, nicolae_xom_altar_mimics, serial_corexii_hall,
          corexii_hall_statues_i, corexii_hall_statues_i

Skill      XL: |  1  2  3  4  5 |
---------------+----------------+-----
Dodging        | 1 2 |  2.6
Evocations     | 1 2 4 |  4.0
Fighting       | |  3.0
Long Blades    | |  1.5
Armour         | |  2.4
Shields        | |  2.4

Action                   |  1- 3 |  4- 6 || total
-------------------------+-------+-------++-------
Melee: Long sword        |    61 |     2 ||    63
 Fire: Blowgun           |       |    18 ||    18
Evoke: Wand              |       |     6 ||     6
Armor: Scale mail        |    25 |     3 ||    28
Dodge: Dodged            |    16 |     9 ||    25
Block: Shield            |    23 |     7 ||    30
       Rpst.: Long sword |     6 |     1 ||     7

Table legend:
 A = Spawn XP
 B = Non-spawn XP
 C = Spawn XP percentage of total XP
 D = Spawn monster count
 E = Non-spawn monster count
 F = Spawn count percentage of total count
 G = Total turns spent on level
                    A         B        C        D         E        F      G
               +---------+---------+-------+---------+---------+-------+---------
         Total |       0 |     417 |   0.0 |       0 |      29 |   0.0 |   902
               +---------+---------+-------+---------+---------+-------+---------
           D:1 |       0 |      22 |   0.0 |       0 |      13 |   0.0 |   390
           D:3 |       0 |       6 |   0.0 |       0 |       4 |   0.0 |    99
           D:4 |       0 |     389 |   0.0 |       0 |      12 |   0.0 |   408
               +---------+---------+-------+---------+---------+-------+---------
